 Dungeon Sprint DCSS version 0.27-a0-538-g15ff5c5295 (webtiles) character file.

Game seed: 3102931678500560811

141740 mhtbhm the Axe Maniac (level 16, -3/181 (183) HPs)
             Began as a Minotaur Fighter on Mar 6, 2021.
             Was the Champion of Trog.
             Slain by the Serpent of Hell (8 damage)
             ... in the Dungeon (Sprint VII: "The Pits").
             The game lasted 00:13:22 (6034 turns).

mhtbhm the Axe Maniac (Minotaur Fighter)            Turns: 6034, Time: 00:13:23

HP:   -3/181 (183)  AC: 51    Str: 37    XL:     16   Next: 78%
MP:   15/15         EV: 12    Int:  7    God:    Trog [******]
Gold: 62            SH: 30    Dex:  8    Spells: 15/15 levels left

rFire    + . .     SeeInvis +   s - +14 obsidian axe {vorpal, *Drain +Fly SInv}
rCold    + . .     Faith    .   c - +1 tower shield
rNeg     . . .     Spirit   .   b - +10 gold dragon scales
rPois    +         Reflect  .   C - +3 crown of Dyrovepreva {rElec Int+2 SInv}
rElec    +         Harm     .   q - +0 cloak {Will+}
rCorr    .         Rampage  .   H - +4 pair of gloves
Will     ++...     NoTele   +   G - +1 pair of boots of Asceticism {*Drain Regen+ Str+6}
Stlth    ..........             (no amulet)
HPRegen  1.40/turn              o - +3 ring of strength
MPRegen  0.14/turn              p - +3 ring of protection

@: berserk cooldown, mesmerised, slowed, lightly drained, very slow
A: horns 2, clumsy 1, subdued magic 1, retaliatory headbutt
a: Renounce Religion, Evoke Flight, Berserk, Trog's Hand, Brothers in Arms


You were in the Dungeon.
You worshipped Trog.
Trog was exalted by your worship.
You visited 1 branch You collected 62 gold pieces.

Inventory:

Hand Weapons
 a - a +3 antimagic broad axe
 s - the +14 obsidian axe (weapon) {vorpal, *Drain +Fly SInv}
   (Trog gifted it to you in the Dungeon)

   It inflicts extra damage upon your enemies.
   It lets you see invisible.
   It lets you fly.
   It causes draining when unequipped.
 B - a +8 antimagic executioner's axe
 E - the +9 war axe "Piwipn" {vorpal, *Corrode rElec Str+9 Dex-2}
   (Trog gifted it to you in the Dungeon)

   It inflicts extra damage upon your enemies.
   It affects your strength (+9).
   It affects your dexterity (-2).
   It insulates you from electricity.
   It may corrode you when you take damage.
 L - the +5 executioner's axe "Kagiotz" {speed, Int-5 Dex+2 Stlth+}
   (You found it in the Dungeon)

   Attacks with this weapon are significantly faster.
   It affects your intelligence (-5).
   It affects your dexterity (+2).
   It makes you more stealthy.
Missiles
 m - 2 curare-tipped darts (quivered)
 F - 7 silver boomerangs
Armour
 b - +10 gold dragon scales (worn)
 c - a +1 tower shield (worn)
 q - a +0 cloak of willpower (worn)
 C - the +3 crown of Dyrovepreva (worn) {rElec Int+2 SInv}
   (You found it in the Dungeon)

   It affects your intelligence (+2).
   It insulates you from electricity.
   It lets you see invisible.
 G - the +1 pair of boots of Asceticism (worn) {*Drain Regen+ Str+6}
   (You found it in the Dungeon)

   It affects your strength (+6).
   It increases your rate of regeneration.
   It causes draining when unequipped.
 H - a +4 pair of gloves (worn)
 K - +0 pearl dragon scales
Jewellery
 o - a +3 ring of strength (left hand)
 p - a +3 ring of protection (right hand)
 z - a ring of willpower
 J - an amulet of faith
Wands
 n - a wand of random effects (19)
 A - a wand of mindburst (13)
Scrolls
 j - 2 scrolls of blinking
 l - a scroll of summoning
 t - 4 scrolls of enchant armour
 u - a scroll of fear
 v - 3 scrolls of fog
 x - 2 scrolls of enchant weapon
 y - a scroll of identify
Potions
 d - 6 potions of might
 e - 7 potions of curing
 f - 13 potions of heal wounds
 g - a potion of haste
 h - 4 potions of magic
 i - 6 potions of berserk rage
 k - a potion of invisibility
 r - 2 potions of flight
 w - a potion of mutation
Miscellaneous
 I - a tin of tremorstones (2/2)


   Skills:
 O Level 27 Fighting
 O Level 27 Axes
 + Level 23.3 Armour
 + Level 15.1 Dodging
 + Level 17.2 Stealth
 O Level 27 Shields


You had 15 spell levels left.
You didn't know any spells.
Your spell library was empty.

Dungeon Overview and Level Annotations

Branches:
Dungeon (1/1)

Altars:
Ashenzari
Cheibriados
Dithmenos
Elyvilon
Fedhas
Gozag
Hepliaklqana
Kikubaaqudgha
Makhleb
Nemelex Xobeh
Okawaru
Qazlal
Ru
Sif Muna
Trog
Uskayaw
Vehumet
Wu Jian
Xom
Yredelemnul
Zin
The Shining One
Beogh
Jiyva
Lugonu

Annotations:
D Serpent of Hell


Innate Abilities, Weirdness & Mutations

You have a pair of horns on your head.
You reflexively headbutt those who attack you in melee.
You are clumsy. (Dex -2)
Your spells are a little easier to cast, but a little less powerful.


Message History

You slice the iron dragon!!
You kill the iron dragon!
The iron dragon's corpse disappears in a puff of smoke!
You hit Tudah.
You are engulfed in blazing flames.
You resist.
The Serpent of Hell roars!
A dragon appears.
Unknown command.
Unknown command.
Press: ? - help, v - describe, . - travel
Here: the Serpent of Hell (flame, lightly wounded, mesmerising, catching its breath)
The floor.
Unknown command.
You slash the Serpent of Hell! You open a gate to Pandemonium!
A demon appears!
The Serpent of Hell is moderately wounded.
You barely miss Tudah.
Visions of slaying Tudah flood into your mind.
You are engulfed in blazing flames.
You resist.
* * * LOW HITPOINT WARNING * * *
The shadow dragon is engulfed in blazing flames.
You cut the Serpent of Hell into ribbons!!!
The Serpent of Hell is heavily wounded.
You slash Tudah!
You are engulfed in blazing flames.
You resist.
* * * LOW HITPOINT WARNING * * *
You are no longer berserk.
You are exhausted.
You feel yourself slow down.
Tudah is engulfed in blazing flames.
You block Tudah's attack. You block the Serpent of Hell's attack.
The Serpent of Hell barely misses you. The Serpent of Hell bites you.
* * * LOW HITPOINT WARNING * * *
You are engulfed in flames!
You resist.
* * * LOW HITPOINT WARNING * * *
You block the Serpent of Hell's attack. The Serpent of Hell misses you.
You hit the Serpent of Hell but do no damage.
You headbutt the Serpent of Hell, but do no damage.
The Serpent of Hell is heavily wounded.
You barely miss Tudah. You block Tudah's attack.
You block the Serpent of Hell's attack.
The Serpent of Hell bites you but does no damage.
The Serpent of Hell bites you!
You die...

## ### ### ### ###
#D##.###.###.###.##
#..'.)))...)...'
#°@#°○##.'##.###.=#
#D°D###○###.###.###)
##3#+ ## ###...'..
#+ ##.##'. #'#.##
##.###. #...'.. ###
#'.##)÷ #.# ###
###†###.#)


You could see the Serpent of Hell (catching breath, ally target), Tudah
(mesmerising), a shadow dragon (summoned), a fire dragon (summoned), a friendly
sun demon (summoned) and a friendly neqoxec (summoned).

Vanquished Creatures
  An orb of fire (D)
  An ancient lich (D)
  3 pandemonium lords (D)
  3 royal mummies (D)
  A Killer Klown (D)
  3 pearl dragons (D)
  A Brimstone Fiend (D)
  A Tzitzimitl (D)
  2 electric golems (D)
  A tentacled monstrosity (D)
  A titan (D)
  An Ice Fiend (D)
  A Hell Sentinel (D)
  A deep elf blademaster (D)
  A quicksilver dragon (D)
  An Executioner (D)
  Agnes (D)
  A death cob (D)
  A sphinx (D)
  A shadow dragon (D)
  An azure jelly (D)
  A ghost moth (D)
  An iron dragon (D)
  2 balrugs (D)
  2 orc warlords (D)
  An emperor scorpion (D)
  A draconian shifter (D)
  2 draconian annihilators (D)
  A war gargoyle (D)
  An ophan (D)
  A green draconian (D)
  A dire elephant (D)
  A deep elf annihilator (D)
  2 blizzard demons (D)
  A merfolk javelineer (D)
  A death ooze (D)
  A yaktaur captain (D)
  A naga warrior (D)
  2 ice dragons (D)
  A catoblepas (D)
  A spriggan air mage (D)
  2 vault guards (D)
  An anaconda (D)
  A boulder beetle (D)
  A two-headed ogre (D)
  2 death yaks (D)
  A dancing weapon (D)
  An orc high priest (D)
  3 deep elf knights (D)
  An iron troll (D)
  3 skeletal warriors (D)
  A large abomination (D)
  2 death drakes (D)
  A deep troll (shapeshifter) (D)
  A deep troll (D)
  A swamp dragon (D)
  12 orc knights (D)
  4 deep elf pyromancers (D)
  2 flayed ghosts (D)
  Pikel (D)
  A phantasmal warrior (D)
  3 harpies (D)
  A deep elf zephyrmancer (D)
  An orc sorcerer (D)
  A moth of wrath (D)
  A merfolk siren (D)
  An elephant (D)
  A black mamba (D)
  A smoke demon (D)
  2 gargoyles (D)
  2 molten gargoyles (D)
  A rust devil (D)
  2 hellions (D)
  A yaktaur (D)
  A komodo dragon (D)
  An efreet (D)
  A freezing wraith (D)
  A rime drake (D)
  An ice devil (D)
  A hellwing (D)
  A demonic crawler (D)
  6 merfolk (D)
  A tormentor (D)
  A meliai (shapeshifter) (D)
  4 blink frogs (D)
  2 snapping turtles (D)
  A hornet (D)
  2 redbacks (D)
  A spriggan (D)
  An air elemental (D)
  2 small abominations (D)
  A fire elemental (D)
  A golden eye (D)
  A basilisk (D)
  3 wargs (D)
  Purgy (D)
  2 eyes of draining (D)
  An orc warrior (D)
  A swamp drake (D)
  A black bear (D)
  6 wolves (D)
  An ogre (D)
  2 kobold brigands (D)
  2 bullfrogs (D)
  5 killer bees (D)
  A quasit (D)
  A gnoll shaman (D)
  3 orc priests (D)
  A hell rat (D)
  An iguana (D)
  3 orc wizards (D)
  A worker ant (D)
  A mummy (D)
  4 gnolls (D)
  An adder (D)
  An ufetubus (D)
  2 oozes (D)
  An adder skeleton (D)
  7 orcs (D)
  A ball python (D)
  A frilled lizard (D)
  A kobold (D)
  A leopard gecko skeleton (D)
  A quokka zombie (D)
  2 rats (D)
204 creatures vanquished.

Vanquished Creatures (collateral kills)
  A death cob (D)
  A merfolk impaler (D)
  A naga warrior (D)
  A hydra (D)
  A bog body (D)
  An orc knight (D)
  An orc sorcerer (D)
  A harpy (D)
  A black mamba (D)
  A naga mage (D)
  2 yaktaurs (D)
  A tarantella (D)
  A redback (D)
  A naga (D)
  A warg (D)
  A worm (D)
  A bat (D)
18 creatures vanquished.

Vanquished Creatures (others)
  A harpy (D)
1 creature vanquished.

Grand Total: 223 creatures vanquished

Notes
Turn   | Place    | Note
-------+----------+-------------------------------------------
     0 | D        | mhtbhm the Minotaur Fighter began the quest for the Orb.
     0 | D        | Reached XP level 1. HP: 19/19 MP: 0/0
    16 | D        | Found a bloodstained altar of Trog.
    16 | D        | Found a shimmering blue altar of Sif Muna.
    16 | D        | Found a viscous altar of Jiyva.
    16 | D        | Found a hazy altar of Hepliaklqana.
    16 | D        | Found an opulent altar of Gozag.
    17 | D        | Found a glowing golden altar of the Shining One.
    17 | D        | Found a glowing silver altar of Zin.
    17 | D        | Found a basalt altar of Yredelemnul.
    17 | D        | Found a shimmering altar of Xom.
    17 | D        | Found an ornate altar of the Wu Jian Council.
    17 | D        | Found a sacrificial altar of Ru.
    17 | D        | Found a stormy altar of Qazlal.
    17 | D        | Found an iron altar of Okawaru.
    17 | D        | Found a sparkling altar of Nemelex Xobeh.
    17 | D        | Found a burning altar of Makhleb.
    17 | D        | Found a blossoming altar of Fedhas.
    17 | D        | Found a white marble altar of Elyvilon.
    17 | D        | Found a shadowy altar of Dithmenos.
    17 | D        | Found a snail-covered altar of Cheibriados.
    19 | D        | Found a radiant altar of Vehumet.
    19 | D        | Found a corrupted altar of Lugonu.
    21 | D        | Became a worshipper of Trog the Wrathful
   241 | D        | Reached * piety under Trog
   248 | D        | Reached XP level 2. HP: 24/27 MP: 1/1
   277 | D        | Noticed a kobold brigand
   280 | D        | Reached ** piety under Trog
   283 | D        | Reached skill level 5 in Armour
   283 | D        | Reached skill level 5 in Shields
   285 | D        | Killed a kobold brigand
   286 | D        | Reached skill level 1 in Dodging
   286 | D        | Reached XP level 3. HP: 37/37 MP: 2/2
   286 | D        | Reached XP level 4. HP: 44/44 MP: 3/3
   358 | D        | Noticed a black bear
   362 | D        | Reached *** piety under Trog
   363 | D        | Reached skill level 5 in Axes
   363 | D        | Reached XP level 5. HP: 51/51 MP: 4/4
   365 | D        | Killed a black bear
   365 | D        | Reached **** piety under Trog
   368 | D        | Reached XP level 6. HP: 61/61 MP: 5/5
   371 | D        | Reached ***** piety under Trog
   404 | D        | Noticed Pikel
   421 | D        | Killed Pikel
   422 | D        | Reached skill level 10 in Armour
   422 | D        | Reached skill level 10 in Shields
   422 | D        | Reached XP level 7. HP: 61/71 MP: 6/6
   471 | D        | Noticed a small abomination
   476 | D        | Killed a small abomination
   477 | D        | Reached skill level 10 in Fighting
   479 | D        | Noticed Purgy
   480 | D        | Received a gift from Trog
   480 | D        | Reached ****** piety under Trog
   493 | D        | Killed Purgy
   494 | D        | Reached XP level 8. HP: 68/79 MP: 7/7
   541 | D        | Noticed a two-headed ogre
   541 | D        | Noticed a black mamba
   547 | D        | Killed a black mamba
   554 | D        | Killed a two-headed ogre
   555 | D        | Reached XP level 9. HP: 89/89 MP: 2/8
   732 | D        | Found a hide-covered altar of Uskayaw.
   732 | D        | Found an ancient bone altar of Kikubaaqudgha.
   732 | D        | Found a broken altar of Ashenzari.
   759 | D        | Noticed a phantasmal warrior
   763 | D        | Paralysed by a hornet for 2 turns
   772 | D        | Killed a phantasmal warrior
   773 | D        | Reached skill level 15 in Axes
   982 | D        | Noticed a merfolk siren
   990 | D        | Killed a merfolk siren
   990 | D        | Received a gift from Trog
  1293 | D        | Noticed Agnes
  1294 | D        | Noticed a deep elf pyromancer
  1303 | D        | Killed Agnes
  1304 | D        | Reached XP level 10. HP: 42/100 MP: 3/9
  1306 | D        | Killed a deep elf pyromancer
  1306 | D        | Received a gift from Trog
  1614 | D        | Noticed a naga mage
  1615 | D        | Noticed a death cob
  1615 | D        | Noticed a naga warrior
  1615 | D        | Noticed a bog body
  1619 | D        | Killed a naga mage
  1621 | D        | Killed a death cob
  1622 | D        | Reached skill level 15 in Armour
  1622 | D        | Reached skill level 1 in Stealth
  1622 | D        | Received a gift from Trog
  1624 | D        | Killed a naga warrior
  1625 | D        | Reached XP level 11. HP: 102/108 MP: 3/10
  1625 | D        | Killed a bog body
  1858 | D        | Noticed a deep elf pyromancer
  1864 | D        | Killed a deep elf pyromancer
  1878 | D        | Noticed a merfolk javelineer
  1879 | D        | Noticed a boulder beetle
  1884 | D        | Received a gift from Trog
  1885 | D        | Found the +14 obsidian axe {vorpal, *Drain +Fly SInv}
  1890 | D        | Killed a merfolk javelineer
  1891 | D        | Reached skill level 5 in Dodging
  1891 | D        | Killed a boulder beetle
  1909 | D        | Received a gift from Trog
  2158 | D        | Noticed an orc sorcerer
  2159 | D        | Noticed a soul eater
  2167 | D        | Received a gift from Trog
  2171 | D        | Killed an orc sorcerer
  2172 | D        | Reached skill level 15 in Shields
  2290 | D        | Noticed a deep elf zephyrmancer
  2290 | D        | Noticed an orc high priest
  2290 | D        | Noticed an orc sorcerer
  2294 | D        | Noticed a swamp dragon
  2295 | D        | Killed an orc high priest
  2296 | D        | Reached skill level 15 in Fighting
  2296 | D        | Received a gift from Trog
  2298 | D        | Killed an orc sorcerer
  2302 | D        | Killed a deep elf zephyrmancer
  2305 | D        | Killed a swamp dragon
  2305 | D        | Identified the +9 quarterstaff of the Living Dead {vorpal,
                  | Dex+6} (Trog gifted it to you in the Dungeon)
  2305 | D        | Received a gift from Trog
  2390 | D        | Noticed a four-headed hydra
  2397 | D        | Killed an eight-headed hydra
  2398 | D        | Reached XP level 12. HP: 69/121 MP: 11/11
  2588 | D        | Received a gift from Trog
  2639 | D        | Noticed an anaconda
  2639 | D        | Noticed a death yak
  2639 | D        | Noticed a death yak
  2645 | D        | Received a gift from Trog
  2646 | D        | Killed an anaconda
  2655 | D        | Killed a death yak
  2655 | D        | Received a gift from Trog
  2661 | D        | Killed a death yak
  3028 | D        | Noticed an ice dragon
  3028 | D        | Noticed an ice dragon
  3029 | D        | Found the +3 crown of Dyrovepreva {rElec Int+2 SInv}
  3035 | D        | Killed an ice dragon
  3035 | D        | Received a gift from Trog
  3040 | D        | Reached skill level 5 in Stealth
  3044 | D        | Killed an ice dragon
  3142 | D        | Got the +1 fire dragon scales of Apathy {rF++ rC- Regen+}
  3277 | D        | Noticed a balrug
  3280 | D        | Killed a balrug
  3328 | D        | Noticed an orc warlord
  3328 | D        | Noticed an orc warlord
  3329 | D        | Received a gift from Trog
  3334 | D        | Killed an orc warlord
  3335 | D        | Reached XP level 13. HP: 134/134 MP: 12/12
  3338 | D        | Killed an orc warlord
  3338 | D        | Received a gift from Trog
  3350 | D        | Noticed an ophan
  3353 | D        | Identified the +9 war axe "Piwipn" {vorpal, *Corrode rElec
                  | Str+9 Dex-2} (Trog gifted it to you in the Dungeon)
  3353 | D        | Received a gift from Trog
  3367 | D        | Killed an ophan
  3367 | D        | Received a gift from Trog
  3640 | D        | Noticed a merfolk impaler
  3648 | D        | Received a gift from Trog
  3654 | D        | Received a gift from Trog
  3654 | D        | Killed a merfolk impaler
  3948 | D        | Got the +1 pair of boots of Asceticism {*Drain Regen+
                  | Str+6}
  4009 | D        | Noticed an ancient lich
  4016 | D        | Killed an ancient lich
  4017 | D        | Reached XP level 14. HP: 142/151 MP: 13/13
  4064 | D        | Noticed an electric golem
  4069 | D        | Killed an electric golem
  4139 | D        | Received a gift from Trog
  4142 | D        | Noticed a death cob
  4143 | D        | Killed a death cob
  4152 | D        | Reached skill level 10 in Dodging
  4162 | D        | Noticed an emperor scorpion
  4169 | D        | Received a gift from Trog
  4176 | D        | Killed an emperor scorpion
  4181 | D        | Noticed a war gargoyle
  4184 | D        | Killed a war gargoyle
  4186 | D        | Received a gift from Trog
  4197 | D        | Identified the +5 long sword of the Wasteland {antimagic,
                  | +Blink rC++ rN+ Dex-4}
  4197 | D        | Identified the +1 buckler of Zizyib {rC+}
  4200 | D        | Received a gift from Trog
  4461 | D        | Noticed a sphinx
  4461 | D        | Noticed Haerph the pandemonium lord
  4463 | D        | Received a gift from Trog
  4474 | D        | Killed Haerph the pandemonium lord
  4481 | D        | Killed a sphinx
  4488 | D        | Identified the +5 broad axe "Roebbu" {vorpal, Int+3} (Trog
                  | gifted it to you in the Dungeon)
  4488 | D        | Received a gift from Trog
  4540 | D        | Noticed an orb of fire
  4541 | D        | Gained mutation: You are clumsy. (Dex -2) [an orb of fire]
  4542 | D        | Gained mutation: Your spells are a little easier to cast,
                  | but a little less powerful. [an orb of fire]
  4549 | D        | Killed an orb of fire
  4550 | D        | Reached XP level 15. HP: 166/166 MP: 14/14
  4607 | D        | Received a gift from Trog
  4609 | D        | Noticed a royal mummy
  4618 | D        | Killed a royal mummy
  4621 | D        | Noticed an azure jelly
  4624 | D        | Killed an azure jelly
  4626 | D        | Noticed a royal mummy
  4635 | D        | Killed a royal mummy
  4636 | D        | Reached skill level 10 in Stealth
  4638 | D        | Noticed a ghost moth
  4640 | D        | Killed a ghost moth
  4640 | D        | Received a gift from Trog
  4917 | D        | Reached skill level 27 in Axes
  4920 | D        | Noticed a Brimstone Fiend
  4924 | D        | Killed a Brimstone Fiend
  4970 | D        | Noticed a titan
  4973 | D        | Killed a titan
  4976 | D        | Noticed a shadow dragon
  4985 | D        | Killed a shadow dragon
  4985 | D        | Received a gift from Trog
  4987 | D        | Noticed a pearl dragon
  4996 | D        | Killed a pearl dragon
  5203 | D        | Got the +5 executioner's axe "Kagiotz" {speed, Int-5 Dex+2
                  | Stlth+}
  5207 | D        | Noticed Lyjyur the pandemonium lord
  5213 | D        | Killed Lyjyur the pandemonium lord
  5234 | D        | Noticed an iron dragon
  5246 | D        | Killed an iron dragon
  5246 | D        | Received a gift from Trog
  5253 | D        | Noticed a pearl dragon
  5261 | D        | Killed a pearl dragon
  5262 | D        | Reached XP level 16. HP: 109/182 MP: 15/15
  5484 | D        | Noticed a pearl dragon
  5491 | D        | Killed a pearl dragon
  5543 | D        | Noticed a deep elf blademaster
  5547 | D        | Received a gift from Trog
  5547 | D        | Noticed an Ice Fiend
  5549 | D        | Killed an Ice Fiend
  5550 | D        | Reached skill level 27 in Fighting
  5554 | D        | Killed a deep elf blademaster
  5565 | D        | Noticed a royal mummy
  5565 | D        | Noticed a Killer Klown
  5571 | D        | Killed a Killer Klown
  5577 | D        | Killed a royal mummy
  5578 | D        | Reached skill level 27 in Shields
  5770 | D        | Received a gift from Trog
  5777 | D        | Noticed Dirraukh the pandemonium lord
  5786 | D        | Killed Dirraukh the pandemonium lord
  5787 | D        | Reached skill level 15 in Stealth
  5830 | D        | Noticed an electric golem
  5830 | D        | Noticed a Hell Sentinel
  5830 | D        | Noticed an Executioner
  5830 | D        | Noticed a quicksilver dragon
  5839 | D        | Noticed a tentacled monstrosity
  5840 | D        | Killed an Executioner
  5841 | D        | Received a gift from Trog
  5845 | D        | Killed a Hell Sentinel
  5845 | D        | Killed an electric golem
  5852 | D        | Killed a tentacled monstrosity
  5862 | D        | Killed a quicksilver dragon
  5863 | D        | Reached skill level 15 in Dodging
  6015 | D        | Noticed the Serpent of Hell
  6015 | D        | Noticed a Tzitzimitl
  6025 | D        | Killed a Tzitzimitl
  6026 | D        | Noticed Tudah the pandemonium lord
  6026 | D        | Noticed a shadow dragon
  6033 | D        | HP: 3/181 [the Serpent of Hell (14)]
  6034 | D        | Slain by the Serpent of Hell

Illustrated notes

Levels and vault maps discovered:
D:        pitsprint [storerooms_1, entrance_room_1, metal_vault_4, armoury_2,
          mini_pit_1, grid_room_1, main_hall_1, silver_pit, the_coven_1,
          the_vestibule_1, steel_vault_3, golden_pit, hallway_of_sentries,
          crystal_vault_2, iron_vault_1, final_vault]

Skill      XL: |  1  2  3  4  5  6  7  8  9 10 11 12 13 14 15 16 |
---------------+-------------------------------------------------+-----
Fighting       | 4 6 8 9 10 11 12 13 15 18 21 23 26 27 | 27.0
Armour         | 4 6 7 8 10 11 14 15 16 17 18 20 23 | 23.3
Shields        | 4 6 7 8 10 11 13 15 17 19 22 25 27 | 27.0
Axes           | 4 5 7 11 12 14 17 18 20 22 24 26 27 | 27.0
Dodging        | 1 2 3 4 6 8 9 11 13 15 | 15.1
Stealth        | 1 2 5 8 9 12 17 | 17.2

Action                   |  1- 3 |  4- 6 |  7- 9 | 10-12 | 13-15 | 16-18 || total
-------------------------+-------+-------+-------+-------+-------+-------++-------
Melee: Hand axe          |    19 |    38 |    23 |       |       |       ||    80
       Headbutt          |     6 |     6 |    12 |    29 |    50 |    26 ||   129
       War axe           |     2 |       |       |    32 |       |       ||    34
       Broad axe         |       |       |    52 |    92 |   237 |    95 ||   476
Invok: Berserk           |     1 |     1 |     4 |     9 |     8 |     4 ||    27
       Brothers in Arms  |       |       |       |     4 |       |       ||     4
       Trog's Hand       |       |       |       |     1 |     1 |       ||     2
  Use: Potion            |       |       |       |     3 |     1 |     1 ||     5
       Scroll            |       |       |       |     1 |       |       ||     1
 Stab: Distracted        |       |       |       |     3 |     1 |     3 ||     7
       Invisible         |       |       |       |     1 |     4 |       ||     5
       Confused          |       |       |       |     1 |       |       ||     1
       Sleeping          |       |       |       |       |     5 |       ||     5
Armor: Scale mail        |     5 |       |       |       |       |       ||     5
       Chain mail        |       |    15 |    16 |    27 |       |       ||    58
       Swamp dragon scal |       |       |       |    11 |       |       ||    11
       Fire dragon scale |       |       |       |       |    64 |       ||    64
       Gold dragon scale |       |       |       |       |     6 |    56 ||    62
       Pearl dragon scal |       |       |       |       |     2 |       ||     2
Dodge: Dodged            |     7 |     9 |    27 |    57 |    59 |    18 ||   177
Block: Kite shield       |    12 |    18 |    32 |    94 |    34 |       ||   190
       Tower shield      |       |       |       |       |   127 |   102 ||   229

Table legend: (Time is in decaauts)
 A = Elapsed time spent in this place.
 B = Non-inter-level travel time spent in this place.
 C = Inter-level travel time spent in this place.
 D = Time resting spent in this place.
 E = Time spent auto-exploring this place.
 F = Levels seen in this place.
 G = Mean time per level.
                   A        B        C        D        E       F      G
               +--------+--------+--------+--------+--------+-----+--------+
         Total |   6149 |   6149 |      0 |   3902 |     79 |   1 | 6149.0 |
       Dungeon |   6149 |   6149 |      0 |   3902 |     79 |   1 | 6149.0 |
               +--------+--------+--------+--------+--------+-----+--------+

Top non-repeatable levels by time:
       D: 6149 daAuts
